 Dungeon Crawl Stone Soup version 0.29-a0-721-g7f417c9bbb (webtiles) character file.

Game seed: 7174799736527617461

146 hquester1 the Trooper (level 5, 0/47 HPs)
             Began as a Minotaur Fighter on June 27, 2022.
             Succumbed to Blork the orc's poison
             ... on level 4 of the Dungeon.
             The game lasted 00:06:25 (2710 turns).

hquester1 the Trooper (Minotaur Fighter)            Turns: 2710, Time: 00:06:26

Health: 0/47       AC: 12    Str: 21    XL:     5   Next: 7%
Magic:  4/4        EV: 10    Int:  5    God:
Gold:   126        SH:  5    Dex: 11    Spells: 4/4 levels left

rFire   . . .      SeeInvis .   a - +0 flail
rCold   . . .      Faith    .   c - +0 buckler
rNeg    . . .      Spirit   .   b - +0 scale mail
rPois   .          Reflect  .   (helmet restricted)
rElec   .          Harm     .   s - +0 cloak
rCorr   .          Rampage  .   q - +0 pair of gloves
Will    .....                   r - +0 pair of boots
Stlth   ..........              (no amulet)
HPRegen 0.15/turn               (no ring)
MPRegen 0.09/turn               (no ring)

@: lethally poisoned (0 -> -20), invisible
A: horns 2, retaliatory headbutt, iridescent scales 1, evolution 1
a: no special abilities


You were on level 4 of the Dungeon.
You visited 1 branch of the dungeon, and saw 4 of its levels.

You collected 126 gold pieces.

Inventory:

Hand Weapons
 a - a +0 flail (weapon)
 l - a +0 hand axe
 y - a +4 dagger
Armour
 b - a +0 scale mail (worn)
 c - a +0 buckler (worn)
 e - a +0 plate armour
 i - a +0 chain mail
 q - a +0 pair of gloves (worn)
 r - a +0 pair of boots (worn)
 s - a +0 cloak (worn)
Jewellery
 n - an amulet of guardian spirit
 w - a ring of fire
Scrolls
 g - 2 scrolls of torment {unknown}
 h - 2 scrolls of enchant armour {unknown}
 j - a scroll of enchant weapon {unknown}
 k - a scroll of teleportation {unknown}
 m - a scroll of immolation {unknown}
 o - 2 scrolls of identify {unknown}
 p - 2 scrolls of fear {unknown}
 u - a scroll of brand weapon {unknown}
 v - a scroll of noise {unknown}
Potions
 d - 2 potions of might
 f - 3 potions of mutation
 t - a potion of invisibility
 x - a potion of heal wounds {unknown}


   Skills:
 + Level 4.5 Fighting
 + Level 3.5 Maces & Flails
 + Level 4.4 Armour
 + Level 2.1 Dodging
 + Level 4.4 Shields


You had 4 spell levels left.
You didn't know any spells.
Your spell library contained the following spells:

 Spells                   Type           Power      Damage    Failure   Level
 Poisonous Vapours        Pois/Air       0%         N/A       95%         2
 Dazzling Flash           Conj/Hex       0%         N/A       99%         3
 Corpse Rot               Necr/Pois/Air  0%         N/A       100%        4
 Dispel Undead            Necr           0%         3d6       100%        4
 Agony                    Necr           0%         N/A       100%        5
 Silence                  Hex/Air        0%         N/A       100%        5
 Death Channel            Necr           0%         N/A       100%        6


Dungeon Overview and Level Annotations

Branches:
Dungeon (4/15)
 Temple: D:4-7

Altars:

Annotations:
D:4 Blork the orc


Innate Abilities, Weirdness & Mutations

You have a pair of horns on your head.
You reflexively headbutt those who attack you in melee.
You are partially covered in iridescent scales. (AC +2)
You have hidden genetic potential.


Message History

Blork the orc barely misses you. You furiously retaliate!
You headbutt Blork the orc.
Blork the orc gestures at you while chanting.
The magic dart hits you but does no damage.
You barely miss Blork the orc. You headbutt Blork the orc.
Blork the orc is heavily wounded.
You block Blork the orc's attack.
You hit Blork the orc but do no damage.
Blork the orc is heavily wounded.
Blork the orc hits you with a +2 glaive of venom.
You are poisoned.
You hit Blork the orc. You headbutt Blork the orc.
Blork the orc is severely wounded.
You feel sick.
Blork the orc casts a spell.
Blork the orc seems to speed up.
You barely miss Blork the orc.
Blork the orc is severely wounded.
You feel sick.
Blork the orc hits you but does no damage.
Blork the orc gestures at you while chanting.
The magic dart hits you!
You closely miss Blork the orc.
Blork the orc is severely wounded.
You feel sick.
Blork the orc hits you with a +2 glaive of venom! x2
You are more poisoned.
It was a potion of mutation.
You feel extremely strange.
Iridescent scales grow over part of your body.
You feel a hidden potential growing inside you.
You feel very sick.
Blork the orc points at you and mumbles some strange words.
The magic dart hits you.
* * * LOW HITPOINT WARNING * * *
Blork the orc hits you with a +2 glaive of venom.
* * * LOW HITPOINT WARNING * * *
You are more poisoned.
It was a potion of invisibility.
You fade into invisibility!
You die...

#......(.
#.......#
#.......
##......#
#.......##
#......:.#
#....o...#
#....@...#
#........#
#........#
#..)..####
##.#.##
###.# #..#
#.
#..####...
##.........


You could see Blork the orc (fast, can't see you).

Vanquished Creatures
  A scorpion (D:3)
  2 adders (D:3)
  2 dart slugs
  A worm (D:2)
  2 orcs (D:3)
  7 endoplasms
  4 giant cockroaches
  5 goblins
  6 hobgoblins
  7 kobolds
  2 quokkas
  7 ball pythons
  5 bats
  3 frilled lizards
  8 rats
62 creatures vanquished.

Notes
Turn   | Place    | Note
-------+----------+-------------------------------------------
     0 | D:1      | hquester1 the Minotaur Fighter began the quest for the Orb.
     0 | D:1      | Reached XP level 1. HP: 19/19 MP: 0/0
   214 | D:1      | Found a faded altar of an unknown god.
   245 | D:1      | Reached XP level 2. HP: 27/27 MP: 1/1
   737 | D:2      | Reached skill level 1 in Dodging
   870 | D:2      | Reached XP level 3. HP: 31/33 MP: 2/2
  1873 | D:3      | Reached XP level 4. HP: 31/40 MP: 3/3
  2218 | D:3      | Noticed a scorpion
  2227 | D:3      | Killed a scorpion
  2228 | D:3      | Reached XP level 5. HP: 40/47 MP: 4/4
  2697 | D:4      | Noticed Blork the orc
  2709 | D:4      | Gained mutation: You are partially covered in iridescent
                  | scales. (AC +2) [potion of mutation]
  2709 | D:4      | Gained mutation: You have hidden genetic potential. [potion
                  | of mutation]
  2710 | D:4      | Succumbed to Blork the orc's poison

Illustrated notes

Levels and vault maps discovered:
D:1:      matt_arrival_grand_opening, layout_rooms,
          chequers_ecumenical_altar_simple
D:2:      layout_basic, minmay_indecisive_spiral
D:3:      layout_loops_corners
D:4:      layout_cave_pods, minmay_temple_entry_arrows,
          kennysheep_generic_room_6, uniq_blork_the_orc, uniq_sigmund

Skill      XL: |  1  2  3  4 |
---------------+-------------+-----
Fighting       | 4 |  4.5
Dodging        | 1 2 |  2.1
Armour         | 4 |  4.4
Shields        | 4 |  4.4
Maces & Flails | 3 |  3.5

Action                   |  1- 3 |  4- 6 || total
-------------------------+-------+-------++-------
Melee: Flail             |   102 |    28 ||   130
       Headbutt          |    17 |     4 ||    21
  Use: Potion            |       |     2 ||     2
Armor: Scale mail        |    47 |     9 ||    56
       Chain mail        |     6 |       ||     6
Dodge: Dodged            |    56 |    16 ||    72
Block: Buckler           |    23 |     6 ||    29

Table legend: (Time is in decaauts)
 A = Elapsed time spent in this place.
 B = Non-inter-level travel time spent in this place.
 C = Inter-level travel time spent in this place.
 D = Time resting spent in this place.
 E = Time spent auto-exploring this place.
 F = Levels seen in this place.
 G = Mean time per level.
                   A        B        C        D        E       F      G
               +--------+--------+--------+--------+--------+-----+--------+
         Total |   2747 |   2648 |     99 |      0 |   2026 |   4 |  686.8 |
       Dungeon |   2747 |   2648 |     99 |      0 |   2026 |   4 |  686.8 |
               +--------+--------+--------+--------+--------+-----+--------+

Top non-repeatable levels by time:
     D:3: 1096 daAuts
     D:2: 955 daAuts
     D:1: 667 daAuts
     D:4: 28 daAuts
